 Dungeon Crawl Stone Soup version 0.30-a0-652-gcc886f7154 (webtiles) character file.

Game seed: 16235176990402460110

103644 wormed the Alchemist (level 16, -5/163 HPs)
             Began as an Octopode Warper on Jan 18, 2023.
             Was an Initiate of Gozag.
             Slain by an enormous slime creature (35 damage)
             ... summoned by a boggart
             ... on level 15 of the Dungeon.
             The game lasted 00:37:06 (26800 turns).

wormed the Alchemist (Octopode Warper)             Turns: 26800, Time: 00:37:07

Health: -5/163     AC: 28    Str: 32    XL:     16   Next: 36%
Magic:  32/32      EV: 15    Int: 19    God:    Gozag
Gold:   1448       SH:  0    Dex: 26    Spells: 27/39 levels left

rFire   + + +      SeeInvis +      - Unarmed
rCold   + + +      Faith    .    (shield currently unavailable)
rNeg    + + .      Spirit   .    (helmet currently unavailable)
rPois   +          Reflect  .    J - amulet of the acrobat
rElec   .          Harm     .    e - +4 ring of protection
rCorr   +          Rampage  .    M - ring "Diwniocu" {rF+ AC+4 Dex+6}
Will    +++..                    t - ring of see invisible
Stlth   +                        o - ring of willpower
HPRegen 0.47/turn                V - ring "Ekunn" {rN+ rCorr AC+4 Dex+4 Stlth-}
MPRegen 0.23/turn                x - ring of Hulileal {Str+6 Slay+3}
                                 B - ring of Nemelex Xobeh's Envy {rC++ rN+ Dex+6}
                                 r - ring of Wufyp {rPois rF+ rC++ Will+ Int-2}

@: dragon-form, flying
A: dragon claw, dragon scales, breathe fire, flying, boosted hp, almost no
armour, amphibious, 8 rings, giant, (camouflage 1), (gelatinous body 1), (nimble
swimmer 1), (tentacles), strong 1, MP-powered wands
a: Breathe Fire, End Transformation, Renounce Religion, Potion Petition, Call
Merchant, Bribe Branch


You were on level 15 of the Dungeon.
You worshipped Gozag.
Gozag was most pleased with you.
You were a fearsome dragon!
You visited 3 branches of the dungeon, and saw 22 of its levels.
You visited 1 bazaar.
You also visited: Gauntlet.

You collected 10289 gold pieces.
You spent 2731 gold pieces at shops.
You paid 6110 gold pieces to Gozag.

Inventory:

Missiles
 b - 7 boomerangs of dispersal
 G - 2 throwing nets
 P - 16 poisoned darts
 Q - 5 curare-tipped darts
Magical Staves
 K - a staff of air
Jewellery
 e - a +4 ring of protection (left foreclaw)
 o - a ring of willpower (on tentacle)
 r - the ring of Wufyp (on tentacle) {rPois rF+ rC++ Will+ Int-2}
   (You bought it in a shop on level 8 of the Dungeon)

   [ring of protection from fire]

   Int:       It affects your intelligence (-2).
   rF:        It protects you from fire.
   rC:        It greatly protects you from cold.
   rPois:     It protects you from poison.
   Will:      It increases your willpower.
 t - a ring of see invisible (on tentacle)
 x - the ring of Hulileal (on tentacle) {Str+6 Slay+3}
   (You acquired it on level 6 of the Dungeon)

   [ring of strength]

   Str:       It affects your strength (+6).
   Slay:      It affects your accuracy & damage with ranged weapons and melee
   (+3).
 B - the ring of Nemelex Xobeh's Envy (on tentacle) {rC++ rN+ Dex+6}
   (You acquired it on level 9 of the Dungeon)

   [ring of dexterity]

   Dex:       It affects your dexterity (+6).
   rC:        It greatly protects you from cold.
   rN:        It protects you from negative energy.
 J - an amulet of the acrobat (around neck)
 M - the ring "Diwniocu" (right foreclaw) {rF+ AC+4 Dex+6}
   (You found it on level 2 of the Lair of Beasts)

   [ring of protection]

   AC:        It affects your AC (+4).
   Dex:       It affects your dexterity (+6).
   rF:        It protects you from fire.
 V - the ring "Ekunn" (on tentacle) {rN+ rCorr AC+4 Dex+4 Stlth-}
   (You bought it in a shop on level 2 of the Lair of Beasts)

   [ring of protection]

   AC:        It affects your AC (+4).
   Dex:       It affects your dexterity (+4).
   rN:        It protects you from negative energy.
   rCorr:     It protects you from acid and corrosion.
   Stlth:     It makes you less stealthy.
Wands
 m - a wand of iceblast (7)
 q - a wand of light (4) (quivered)
 w - a wand of digging (5)
 E - a wand of mindburst (13)
 I - a wand of flame (11)
 S - a wand of polymorph (5)
 U - a wand of charming (11)
Scrolls
 a - 4 scrolls of blinking
 d - 14 scrolls of teleportation
 f - 5 scrolls of amnesia
 i - 2 scrolls of brand weapon
 p - 2 scrolls of fear
 A - 4 scrolls of identify
 D - 7 scrolls of fog
 N - a scroll of poison
 R - 2 scrolls of magic mapping
 T - 3 scrolls of enchant weapon
Potions
 c - 5 potions of brilliance
 g - 3 potions of resistance
 h - 2 potions of flight
 j - 3 potions of mutation
 l - 3 potions of attraction
 n - 3 potions of ambrosia
 s - 2 potions of might
 u - 5 potions of invisibility
 z - 11 potions of curing
 C - a potion of lignification
 F - 2 potions of berserk rage
 H - 2 potions of cancellation
 L - 2 potions of haste
 O - 2 potions of magic


   Skills:
 + Level 9.8 Fighting
 - Level 1.0 Throwing
 + Level 10.0 Dodging
 + Level 9.8 Unarmed Combat
 - Level 12.0 Spellcasting
 - Level 3.0 Translocations
 - Level 16.0 Transmutations
 - Level 16.0 Air Magic


You had 27 spell levels left.
You knew the following spells:

 Your Spells              Type           Power      Damage    Failure   Level
a - Dragon Form           Tmut           32%        N/A       7%          7
b - Vhi's Electric Charg  Tloc/Air       94%        N/A       1%          3
k - Blink                 Tloc           44%        N/A       2%          2

Your spell library contained the following spells:

 Spells                   Type           Power      Damage    Failure   Level
 Passwall                 Tmut/Erth      34%        N/A       1%          2
 Swiftness                Air            64%        N/A       1%          3
 Blade Hands              Tmut           32%        N/A       1%          5
 Lesser Beckoning         Tloc           44%        N/A       2%          2
 Ice Form                 Ice/Tmut       41%        N/A       2%          4
 Teleport Other           Tloc           22%        N/A       5%          3
 Necrotise                Necr           44%        1d6       6%          1
 Sandblast                Erth           22%        2d7       6%          1
 Slow                     Hex            44%        N/A       6%          1
 Irradiate                Conj/Tmut      20%        3d18      6%          5
 Ensorcelled Hibernation  Hex/Ice        22%        N/A       9%          2
 Scorch                   Fire           22%        2d6       9%          2
 Portal Projectile        Hex/Tloc       34%        N/A       10%         3
 Manifold Assault         Tloc           22%        N/A       17%         4
 Call Canine Familiar     Summ           11%        N/A       19%         3
 Confusing Touch          Hex            11%        N/A       19%         3
 Stone Arrow              Conj/Erth      22%        3d8       19%         3
 Vampiric Draining        Necr           11%        2d6       19%         3
 Conjure Ball Lightning   Conj/Air       20%        3x3d6     34%         6
 Eringya's Noxious Bog    Tmut/Pois      20%        N/A       34%         6
 Flame Wave               Conj/Fire      11%        2d6       52%         4
 Leda's Liquefaction      Hex/Erth       5%         N/A       52%         4
 Olgreb's Toxic Radiance  Pois           11%        N/A       52%         4
 Summon Forest            Summ/Tloc      8%         N/A       65%         5
 Fireball                 Conj/Fire      5%         3d5       86%         5
 Iskenderun's Battlesphe  Conj           11%        2d7       86%         5
 Death Channel            Necr           5%         N/A       100%        6
 Summon Cactus Giant      Summ           5%         N/A       100%        6
 Orb of Destruction       Conj           5%         9d5       100%        7
 Ozocubu's Refrigeration  Ice            5%         4d8       100%        7
 Summon Hydra             Summ           5%         N/A       100%        7
 Ignition                 Fire           5%         3d4       100%        8
 Infestation              Necr           5%         N/A       100%        8
 Animate Dead             Necr           Unusable   N/A       N/A         4
 Simulacrum               Ice/Necr       Unusable   N/A       N/A         6

Dungeon Overview and Level Annotations

Branches:
Dungeon (15/15)            Temple (0/1) D:7            Lair (5/5) D:11
 Shoals (0/4) Lair:2       Spider (0/4) Lair:2        Slime (0/5) Lair:5
    Orc (2/2) D:12            Elf (0/3) Orc:2        Vaults (0/5) D:13
 Depths (0/4) D:15        Gauntlet (visited)

Altars:
Cheibriados
Dithmenos
Fedhas
Gozag
Hepliaklqana
Makhleb
Nemelex Xobeh
Qazlal
Ru
Sif Muna
Trog
Uskayaw
Vehumet
Xom
Yredelemnul
Zin
Jiyva

Shops:
D:1 !   D:6 ??   D:7 !   D:8 (=   D:12 [=   D:13 [   Orc:1 =   Orc:2 [(*:
Lair:2 =

Annotations:
D:11 exclusion: 2 statues
Orc:2 2 transporters, sokol815's ghost, journeyman DsMo


Innate Abilities, Weirdness & Mutations

You are a fearsome dragon!
You have a powerful clawing attack.
Your giant scaled body is strong and resiliant, but less evasive.
You can breathe fire.
You are flying.
Your maximum health is greatly increased.
Your armour is entirely melded.
You are incapable of wielding weapons or throwing items.
You cannot wear most types of armour.
You are amphibious.
You can wear up to eight rings at the same time.
((Your skin changes colour to match your surroundings (Stealth+).))
((Your rubbery body absorbs attacks. (AC +1, EV +1)))
((You are camouflaged when in or above water. (Stealth+)))
((You have tentacles for arms and can constrict up to eight enemies at once.))
Your muscles are strong. (Str +4, Int/Dex -1)
You expend magic power (3 MP) to strengthen your wands.


Message History

The slime creature quivers.
A slime creature merges with something you can't see. x2
You bite the enormous slime creature!! You bite the enormous slime creature.
The enormous slime creature is lightly wounded.
Two slime creatures merge to form an enormous slime creature.
The enormous slime creature misses you.
You hit the enormous slime creature.
The enormous slime creature is lightly wounded.
A slime creature merges with something you can't see.
An enormous slime creature splits.
The enormous slime creature hits you!
You hit the enormous slime creature but do no damage.
You bite the enormous slime creature!
The enormous slime creature is lightly wounded.
The slime creature quivers.
You maul the enormous slime creature!!!!
You tail-slap the enormous slime creature.
You bite the enormous slime creature!
The enormous slime creature is heavily wounded.
Two slime creatures merge to form a very large slime creature.
The boggart gestures wildly while chanting.
The boggart flickers and vanishes for a moment.
The enormous slime creature hits you!!!
* * * LOW HITPOINT WARNING * * *
A slime creature merges with something you can't see.
You claw the enormous slime creature! You claw the enormous slime creature.
The enormous slime creature is heavily wounded.
The manticore changes into a deep troll!
The enormous slime creature hits you but does no damage.
Two slime creatures merge to form an enormous slime creature.
You maul the enormous slime creature!!!
You tail-slap the enormous slime creature!
You bite the enormous slime creature!
The enormous slime creature is severely wounded.
The enormous slime creature barely misses you.
Two slime creatures merge to form a titanic slime creature.
You maul the enormous slime creature!!!
The enormous slime creature is almost dead.
The enormous slime creature hits you!!
You die...
Your body crumbles into a pile of gold.

#......g...# #..#
#..........##########.##
#.......g.........# #..#
#......JJ..######## ##..
#.....gug..# ###
#######J#### #. #T# #.
#J###### #. #D##...#####
#. #.##.......# #.
#.###...##.# #. #.#
###....# #. #.# ####.#
#. #.# #.#### #. #.#
#....###. #.# ##.#..##.
#.## #.....#.


You could see a green ugly thing (summoned), a titanic slime creature
(summoned), an enormous slime creature (summoned), 2 slime creatures, a deep
troll shaped shifter (summoned) and 3 boggarts.

Vanquished Creatures
  Frances (D:14)
  Kirke (D:14)
  An orc warlord (Orc:2)
  A dire elephant (D:15)
  A minotaur (Gauntlet)
  An ettin (Orc:1)
  10 hydras
  A ghost crab (Gauntlet)
  Harold (D:11)
  An ogre mage (D:15)
  4 catoblepae
  A death knight (D:14)
  A boulder beetle (Lair:5)
  5 death yaks (Lair:5)
  7 two-headed ogres
  6 centaur warriors
  4 tengu warriors
  3 orc high priests
  A salamander mystic (D:10)
  Amaemon (Lair:1)
  6 skeletal warriors (D:14)
  A necromancer (D:13)
  3 deep elf pyromancers
  9 orc knights
  3 orc sorcerers
  23 ugly things
  An oklob plant (Lair:4)
  3 cyclopes
  5 salamanders
  5 black mambas
  10 elephants
  A merfolk siren (Lair:2)
  2 gargoyles
  An orange demon (Lair:1)
  2 unseen horrors
  4 cane toads
  2 freezing wraiths (D:14)
  2 komodo dragons
  2 rime drakes
  A tengu conjurer (D:15)
  3 meliai (D:14)
  6 trolls
  4 polar bears
  A queen bee (D:14)
  13 hornets
  5 blink frogs (Lair:5)
  4 dream sheep
  A raiju (shapeshifter) (D:15)
  A jumping spider (shapeshifter) (D:8)
  3 centaur simulacra (Gauntlet)
  14 slime creatures
  14 spriggans (Lair:5)
  A shadow (D:11)
  2 basilisks
  5 hogs (D:14)
  2 vampires
  3 wraiths
  4 wyverns
  45 yaks
  2 steam dragons
  12 vampire mosquitoes
  5 wargs
  An acid dragon (D:9)
  16 water moccasins
  36 orc warriors
  A meliai simulacrum (Gauntlet)
  3 sky beasts (D:8)
  4 ice beasts
  7 black bears
  11 ogres
  5 boggarts
  5 centaurs
  28 wolves
  A kobold brigand (D:8)
  16 bullfrogs
  A gnoll sergeant (D:9)
  A cane toad simulacrum (Gauntlet)
  3 scorpions
  2 wights (D:8)
  30 killer bees
  4 howler monkeys
  2 electric eels (Lair:3)
  5 crimson imps
  3 hounds
  5 jellies
  23 orc priests
  A gnoll bouda (D:9)
  2 iguanas (D:6)
  Ijyb (D:3)
  Terence (D:3)
  Natasha (thrice) (D:3)
  15 orc wizards
  A mummy (D:9)
  5 gnolls
  5 adders
  A shadow imp (D:7)
  5 white imps
  2 ufetubi
  4 dart slugs
  76 orcs
  8 ball pythons
  2 bats
  16 endoplasms
  2 giant cockroaches (D:2)
  7 goblins
  4 hobgoblins
  7 jackals
  7 kobolds
  4 quokkas
  3 frilled lizards
  7 rats
  A bush (Lair:4)
691 creatures vanquished.

Vanquished Creatures (others)
  A human (D:14)
  A boggart (D:15)
  14 demonic plants (Gauntlet)
  37 fungi
  83 plants
136 creatures vanquished.

Grand Total: 827 creatures vanquished

Notes
Turn   | Place    | Note
-------+----------+-------------------------------------------
     0 | D:1      | wormed the Octopode Warper began the quest for the Orb.
     0 | D:1      | Reached XP level 1. HP: 14/14 MP: 3/3
   127 | D:1      | Reached XP level 2. HP: 19/19 MP: 5/5
   139 | D:1      | Learned a level 2 spell: Blink
   385 | D:1      | Reached XP level 3. HP: 25/25 MP: 6/6
   431 | D:1      | Found Zolym's Distillery.
  1659 | D:3      | Reached XP level 4. HP: 28/30 MP: 7/7
  1783 | D:3      | Noticed Natasha
  1789 | D:3      | Killed Natasha
  1817 | D:3      | Found a faded altar of an unknown god.
  1818 | D:3      | Noticed Ijyb
  1819 | D:3      | Found a blossoming altar of Fedhas.
  1832 | D:3      | Killed Ijyb
  1943 | D:3      | Found a shadowy altar of Dithmenos.
  2007 | D:3      | Noticed Terence
  2011 | D:3      | Noticed Natasha
  2020 | D:3      | Killed Natasha
  2021 | D:3      | Reached XP level 5. HP: 16/36 MP: 9/9
  2022 | D:3      | Killed Terence
  2038 | D:3      | Noticed Natasha
  2050 | D:3      | Killed Natasha
  2477 | D:4      | Reached XP level 6. HP: 25/42 MP: 10/10
  2904 | D:4      | Found a radiant altar of Vehumet.
  2905 | D:4      | Found a burning altar of Makhleb.
  3096 | D:4      | Found a bloodstained altar of Trog.
  3173 | D:5      | Entered Level 5 of the Dungeon
  3195 | D:5      | Noticed a black bear
  3198 | D:5      | Killed a black bear
  3199 | D:5      | Reached XP level 7. HP: 48/48 MP: 12/12
  3931 | D:5      | Found a basalt altar of Yredelemnul.
  4024 | D:5      | Found an opulent altar of Gozag.
  4032 | D:5      | Reached XP level 8. HP: 48/54 MP: 14/14
  4032 | D:5      | Found a sparkling altar of Nemelex Xobeh.
  4037 | D:5      | Became a worshipper of Gozag Ym Sagoz the Greedy
  4043 | D:5      | Reached skill level 5 in Dodging
  4483 | D:5      | Found a stormy altar of Qazlal.
  4483 | D:5      | Found a glowing silver altar of Zin.
  4656 | D:6      | Reached skill level 5 in Fighting
  4770 | D:6      | Reached skill level 5 in Unarmed Combat
  5020 | D:6      | Reached skill level 5 in Spellcasting
  5490 | D:6      | Identified 2 scrolls of acquirement
  5490 | D:6      | Acquired 1299 gold pieces
  5492 | D:6      | Acquired 976 gold pieces
  5508 | D:6      | Bought a scroll of acquirement for 624 gold pieces
  5509 | D:6      | Acquired the ring of Hulileal {Str+6 Slay+3}
  5631 | D:7      | Noticed a wyvern
  5756 | D:7      | Found Ucsybb's Distillery.
  5791 | D:7      | Reached XP level 9. HP: 62/62 MP: 17/17
  6166 | D:7      | Reached skill level 1 in Transmutations
  6257 | D:7      | Found a staircase to the Ecumenical Temple.
  6285 | D:7      | Found a shimmering altar of Xom.
  7016 | D:8      | Noticed a hornet
  7025 | D:8      | Killed a hornet
  7026 | D:8      | Reached skill level 5 in Transmutations
  7124 | D:8      | Reached XP level 10. HP: 66/69 MP: 19/19
  7207 | D:8      | Got the Octavo of Configuration and Despair
  7764 | D:8      | Found Gotock's Weapon Boutique.
  8401 | D:8      | Noticed a deep elf pyromancer
  8411 | D:8      | Killed a deep elf pyromancer
  8630 | D:8      | Noticed a two-headed ogre
  8639 | D:8      | Killed a two-headed ogre
  8640 | D:8      | Reached XP level 11. HP: 33/77 MP: 21/21
  9261 | D:9      | Reached skill level 10 in Transmutations
  9559 | D:9      | Found a snail-covered altar of Cheibriados.
  9921 | D:9      | Found the +12 pair of quick blades "Gyre" and "Gimble"
                  | {protect}
 10258 | D:9      | Acquired the ring of Nemelex Xobeh's Envy {rC++ rN+ Dex+6}
 10260 | D:9      | Acquired 609 gold pieces
 10301 | D:8      | Bought the ring of Wufyp {rPois rF+ rC++ Will+ Int-2} for
                  | 826 gold pieces
 10310 | D:8      | Learned a level 7 spell: Dragon Form
 10345 | D:10     | Entered Level 10 of the Dungeon
 10351 | D:10     | Learned a level 4 spell: Ice Form
 10410 | D:10     | Found a shimmering blue altar of Sif Muna.
 10795 | D:10     | Found a hide-covered altar of Uskayaw.
 10807 | D:10     | Noticed a centaur warrior
 10817 | D:10     | Killed a centaur warrior
 11043 | D:10     | Noticed a salamander
 11052 | D:10     | Killed a salamander
 11118 | D:10     | Noticed a salamander
 11118 | D:10     | Noticed a salamander
 11126 | D:10     | Killed a salamander
 11132 | D:10     | Killed a salamander
 11314 | D:10     | Noticed a salamander
 11315 | D:10     | Noticed a salamander mystic
 11316 | D:10     | Found the +3 salamander hide armour {Flames, rFlCloud rF++
                  | rC--}
 11331 | D:10     | Killed a salamander mystic
 11335 | D:10     | Killed a salamander
 11685 | D:10     | Found a sacrificial altar of Ru.
 11794 | D:11     | Noticed Harold
 11813 | D:11     | Killed Harold
 11814 | D:11     | Reached XP level 12. HP: 77/82 MP: 20/24
 12386 | D:11     | Found a staircase to the Lair.
 13117 | Lair:1   | Entered Level 1 of the Lair of Beasts
 13297 | Lair:1   | Noticed Amaemon
 13317 | Lair:1   | Killed Amaemon
 14301 | Lair:1   | Gained mutation: You are occasionally teleported next to
                  | monsters. [mutagenic glow]
 14333 | Lair:1   | Lost mutation: You are occasionally teleported next to
                  | monsters. [potion of mutation]
 14333 | Lair:1   | Gained mutation: Your magical capacity is low. (-10% MP)
                  | [potion of mutation]
 14334 | Lair:1   | Lost mutation: Your magical capacity is low. (-10% MP)
                  | [potion of mutation]
 14334 | Lair:1   | Gained mutation: You are frail. (-10% HP) [potion of
                  | mutation]
 14334 | Lair:1   | Gained mutation: You are partially covered in iridescent
                  | scales. (AC +2) [potion of mutation]
 14335 | Lair:1   | Lost mutation: You are partially covered in iridescent
                  | scales. (AC +2) [potion of mutation]
 14335 | Lair:1   | Lost mutation: You are frail. (-10% HP) [potion of
                  | mutation]
 14335 | Lair:1   | Gained mutation: You are partially covered in large bone
                  | plates. (SH +4) [potion of mutation]
 14335 | Lair:1   | Gained mutation: You have hidden genetic defects. [potion
                  | of mutation]
 14335 | Lair:1   | Gained mutation: One of your tentacles bears a spike.
                  | [potion of mutation]
 14336 | Lair:1   | Lost mutation: You are partially covered in large bone
                  | plates. (SH +4) [potion of mutation]
 14336 | Lair:1   | Lost mutation: You have hidden genetic defects. [potion of
                  | mutation]
 14336 | Lair:1   | Lost mutation: One of your tentacles bears a spike. [potion
                  | of mutation]
 14336 | Lair:1   | Gained mutation: Your mind is acute. (Int +4, Str/Dex -1)
                  | [potion of mutation]
 14336 | Lair:1   | Gained mutation: You expend magic power (3 MP) to
                  | strengthen your wands. [potion of mutation]
 14336 | Lair:1   | Gained mutation: Your muscles are strong. (Str +4, Int/Dex
                  | -1) [potion of mutation]
 14337 | Lair:1   | Gained mutation: You are clumsy. (Dex -2) [mutagenic glow]
 14339 | Lair:1   | Lost mutation: You expend magic power (3 MP) to strengthen
                  | your wands. [potion of mutation]
 14339 | Lair:1   | Lost mutation: You are clumsy. (Dex -2) [potion of
                  | mutation]
 14339 | Lair:1   | Lost mutation: Your mind is acute. (Int +4, Str/Dex -1)
                  | [potion of mutation]
 14339 | Lair:1   | Gained mutation: You expend magic power (3 MP) to
                  | strengthen your wands. [potion of mutation]
 14430 | Lair:2   | Reached skill level 15 in Transmutations
 14535 | Lair:2   | Identified the ring "Diwniocu" {rF+ AC+4 Dex+6}
 14549 | Lair:2   | Reached skill level 10 in Spellcasting
 14563 | Lair:2   | Noticed a four-headed hydra
 14574 | Lair:2   | Killed a six-headed hydra
 14688 | Lair:2   | Found a hole to the Spider Nest.
 14802 | Lair:2   | Reached XP level 13. HP: 88/88 MP: 27/27
 15251 | Lair:2   | Found a staircase to the Shoals.
 15632 | Lair:3   | Reached skill level 1 in Air Magic
 15978 | Lair:3   | Reached skill level 5 in Air Magic
 17165 | Lair:4   | Identified the +10 trident of Zugausud {drain, Fragile
                  | rPois Str+2 Dex+2}
 17501 | Lair:2   | Bought the ring "Ekunn" {rN+ rCorr AC+4 Dex+4 Stlth-} for
                  | 777 gold pieces
 17571 | Lair:5   | Entered Level 5 of the Lair of Beasts
 17978 | Lair:5   | Reached XP level 14. HP: 94/94 MP: 22/29
 18120 | Lair:5   | Found a viscous altar of Jiyva.
 18120 | Lair:5   | Found a staircase to the Slime Pits.
 18591 | Lair:5   | Reached skill level 10 in Air Magic
 19670 | D:12     | Found a staircase to the Orcish Mines.
 20060 | D:12     | Found Ollaahy's Jewellery Boutique.
 20390 | D:13     | Reached XP level 15. HP: 99/99 MP: 23/31
 20500 | D:13     | Found a gate to the Vaults.
 20639 | D:13     | Found Ylyameip's Antique Armour Shop.
 20917 | D:14     | Found a gate leading to a gauntlet.
 20926 | Gauntlet | Entered a Gauntlet
 20926 | Gauntlet | Found a transporter.
 21134 | Gauntlet | Found a transporter.
 21143 | Gauntlet | Found a transporter.
 21145 | Gauntlet | Found a large runed translucent door.
 21146 | Gauntlet | Found a large runed translucent door.
 21147 | Gauntlet | Found a large runed translucent door.
 21147 | Gauntlet | Found a large runed translucent door.
 21147 | Gauntlet | Found a runed translucent door.
 21148 | Gauntlet | Found a transporter.
 21149 | Gauntlet | Found a runed translucent door.
 21150 | Gauntlet | Found a large runed translucent door.
 21150 | Gauntlet | Found a large runed translucent door.
 21151 | Gauntlet | Found a large runed translucent door.
 21152 | Gauntlet | Found a large runed translucent door.
 21158 | Gauntlet | Found a large runed translucent door.
 21158 | Gauntlet | Found a large runed translucent door.
 21159 | Gauntlet | Found a large runed translucent door.
 21159 | Gauntlet | Found a large runed translucent door.
 21160 | Gauntlet | Found a large runed translucent door.
 21160 | Gauntlet | Found a large runed translucent door.
 21161 | Gauntlet | Found a runed translucent gate.
 21161 | Gauntlet | Found a runed translucent gate.
 21161 | Gauntlet | Found a runed translucent gate.
 21163 | Gauntlet | Found a transporter.
 21173 | Gauntlet | Found a large runed translucent door.
 21174 | Gauntlet | Found a large runed translucent door.
 21182 | Gauntlet | Found a transporter.
 21194 | Gauntlet | Found a transporter.
 21206 | Gauntlet | Found a transporter.
 21215 | Gauntlet | Found a transporter.
 21230 | Gauntlet | Found a transporter.
 21249 | Gauntlet | Found a transporter.
 21264 | Gauntlet | Found a transporter.
 21266 | Gauntlet | Found a transporter.
 21291 | Gauntlet | Found a transporter.
 21293 | Gauntlet | Found a transporter.
 21313 | Gauntlet | Found a transporter.
 21391 | Gauntlet | Found a transporter.
 21411 | Gauntlet | Found a transporter.
 21553 | Gauntlet | Identified the +2 helmet of Heg Leh {rCorr}
 21749 | Gauntlet | Identified the ring "Wawumeoxo" {rCorr Dex+6}
 21791 | Gauntlet | Identified the +4 quarterstaff of Fedhas's Respect {heavy,
                  | *Rage Str+5}
 21966 | Gauntlet | Got Ereshkigal's Discursus on Open Graves
 22097 | D:14     | Noticed Frances
 22103 | D:14     | Noticed Kirke
 22106 | D:14     | Noticed a sphinx
 22113 | D:14     | Killed Frances
 22122 | D:14     | Killed Kirke
 22437 | D:14     | Reached skill level 15 in Air Magic
 22813 | D:14     | HP: 7/148 [meliai/+0 hand axe (12)]
 23263 | D:14     | Learned a level 3 spell: Vhi's Electric Charge
 23309 | D:15     | Entered Level 15 of the Dungeon
 23448 | Orc:1    | Entered Level 1 of the Orcish Mines
 24011 | Orc:2    | Entered Level 2 of the Orcish Mines
 24081 | Orc:2    | Noticed an orc warlord
 24257 | Orc:2    | Killed an orc warlord
 24286 | Orc:2    | Found Eqidug's Book Boutique.
 24289 | Orc:2    | Reached XP level 16. HP: 107/107 MP: 26/32
 24316 | Orc:2    | Found Dynic's Antique Weapon Boutique.
 24527 | Orc:2    | Found a transporter.
 24576 | Orc:2    | Noticed sokol815's ghost (journeyman DsMo)
 24582 | Orc:2    | Found a gateway to a bazaar.
 24584 | Orc:2    | Found a staircase to the Elven Halls.
 24706 | Orc:2    | Found a transporter.
 24789 | Bazaar   | Entered a bazaar
 24792 | Bazaar   | Found Ruon's Armour Shop.
 24805 | Bazaar   | Found Wiph's Distillery.
 24818 | Bazaar   | Found Xutilit's Assorted Antiques.
 24853 | Bazaar   | Found Plog's Book Boutique.
 24859 | Bazaar   | Bought a Fen Folio for 504 gold pieces
 25049 | Orc:2    | Found Baakhlo's Antique Armour Boutique.
 25167 | Orc:2    | Found Ynisu's General Store.
 26356 | D:15     | Found a staircase to the Depths.
 26459 | D:15     | Found a hazy altar of Hepliaklqana.
 26774 | D:15     | Reached skill level 10 in Dodging
 26800 | D:15     | Slain by an enormous slime creature

Illustrated notes

Levels and vault maps discovered:
D:1:      tekkud_arrival_beachfront_property, layout_basic, serial_shops,
          nicolae_shop_hallway_stairs, minmay_tiny_reverse_x
D:2:      layout_basic, kennysheep_generic_room_5
D:3:      layout_rooms, nicolae_dithmenos_the_darkroom, fedhas_altar_2,
          dreamdust_ecumenical_altar_grove, minivault_14, minivault_25,
          uniq_ijyb, uniq_natasha, uniq_terence
D:4:      layout_basic, grunt_temple_overflow_lords_of_destruction,
          kennysheep_mini, minmay_manual_mandibuliform
D:5:      layout_basic, grunt_temple_overflow_opulence,
          mainiacjoe_overflow_24_doors, gammafunk_temple_overflow_elements,
          minmay_holes, chequers_arboretum
D:6:      layout_cave_pods
D:7:      layout_loops_ring, led_xom_imps, minmay_temple_entry_statues,
          serial_shops, nicolae_stop_n_shop_2
D:8:      nzn_winding_woodlands_stair_cross
          [nzn_winding_woodlands_5x15_concentric,
          nzn_winding_woodlands_center_lodge, nzn_winding_woodlands_5x15_parted,
          nzn_winding_woodlands_5x5_default,
          nzn_winding_woodlands_5x5_checkerboard,
          nzn_winding_woodlands_5x15_cabin,
          nzn_winding_woodlands_center_pierced_h,
          nzn_winding_woodlands_5x15_garden], layout_loops_ring, serial_shops,
          nicolae_shop_hallway_plus, chequers_serial_rivers_micro_e
D:9:      layout_roguey, slow_altar_1, minivault_19, minmay_misc_feat_ornament,
          dreamdust_gnoll_shepherd
D:10:     layout_roguey, lemuel_crystal_altar, nicolae_sif_muna_condensation,
          kennysheep_little_box, hellmonk_guarded_unrand_salamander
D:11:     layout_cave_pods, grunt_lair_entry_orc_guard_hut,
          minmay_dual_archer_statues, uniq_harold
D:12:     layout_basic, orc_0_dummy, serial_shops, nicolae_stop_n_shop_2
D:13:     layout_rooms, david_vaults_1, serial_shops, kennysheep_mini_moat
D:14:     layout_irregular_city, gauntlet_entry_generic,
          nicolae_looking_at_the_future, uniq_kirke, uniq_frances
D:15:     hangedman_depths_entry_try_elsewhere_first, layout_rooms,
          nicolae_hepliaklqana_hippocampus
Lair:1:   layout_roguey, uniq_amaemon
Lair:2:   layout_gridlike, minmay_shoals_entry_lonely_mermaid,
          spider_nest_entry_web_field, dreamdust_wasp_nest
Lair:3:   layout_gridlike, nicolae_lair_grazing_beasts
          [nicolae_sub_lair_graze_edge, nicolae_sub_lair_graze_edge,
          nicolae_sub_lair_graze_edge, nicolae_sub_lair_graze_edge]
Lair:4:   layout_gridlike, minmay_lair_oklob_bushes, columned_hall_lemuel
Lair:5:   minmay_lair_end_enchanted_forest, layout_regular_city,
          nicolae_slime_entry_slimehenge
Orc:1:    layout_diamond_mine, special_room [special_room_orc]
Orc:2:    grunt_orc_cross, layout_caves, gammafunk_ghost_stat_death,
          serial_shops, bzr_entry_water

Skill      XL: |  1  2  3  4  5  6  7  8  9 10 11 12 13 14 15 16 |
---------------+-------------------------------------------------+-----
Dodging        | 3 4 6 7 8 9 10 | 10.0
Fighting       | 3 4 5 6 7 8 9 |  9.8
Unarmed Combat | 3 4 5 6 7 8 9 |  9.8
Spellcasting   | 3 4 5 6 7 8 10 11 12 | 12.0
Transmutations | 5 9 13 15 16 | 16.0
Air Magic      | 7 13 16 | 16.0
Throwing       | |  1.0
Translocations | |  3.0

Action                   |  1- 3 |  4- 6 |  7- 9 | 10-12 | 13-15 | 16-18 || total
-------------------------+-------+-------+-------+-------+-------+-------++-------
Melee: Unarmed           |    90 |   119 |   232 |   544 |   632 |   156 ||  1773
       Constrict         |    25 |    31 |    35 |    44 |     5 |     1 ||   141
       Tentacles         |    18 |    29 |    64 |    79 |     5 |     2 ||   197
       Punch             |     3 |     6 |    12 |    26 |    29 |    14 ||    90
       Bite              |       |       |       |     5 |    71 |    19 ||    95
       Tailslap          |       |       |       |     4 |    99 |    33 ||   136
Throw: Dart              |       |     3 |     5 |     5 |       |       ||    13
 Cast: Ice Form          |       |       |       |    23 |       |       ||    23
       Dragon Form       |       |       |       |     3 |    61 |    12 ||    76
Invok: Call Merchant     |       |       |     2 |     1 |     2 |     1 ||     6
Evoke: Wand              |       |     5 |     7 |     3 |       |       ||    15
  Use: Scroll            |     6 |     7 |     6 |    11 |     6 |     2 ||    38
       Potion            |       |       |     1 |     7 |     6 |       ||    14
 Stab: Sleeping          |     6 |     3 |     4 |       |     1 |       ||    14
       Invisible         |       |     2 |     1 |     2 |       |       ||     5
       Distracted        |       |       |     1 |     3 |    11 |       ||    15
Armor: Skin              |    16 |    28 |    66 |   193 |   333 |   127 ||   763
Dodge: Dodged            |    42 |    74 |   169 |   400 |   528 |   145 ||  1358

Table legend: (Time is in decaauts)
 A = Elapsed time spent in this place.
 B = Non-inter-level travel time spent in this place.
 C = Inter-level travel time spent in this place.
 D = Time resting spent in this place.
 E = Time spent auto-exploring this place.
 F = Levels seen in this place.
 G = Mean time per level.
                   A        B        C        D        E       F      G
               +--------+--------+--------+--------+--------+-----+--------+
         Total |  26612 |  25521 |   1091 |    286 |  21029 |  24 | 1108.8 |
       Dungeon |  17326 |  16601 |    725 |    117 |  13776 |  15 | 1155.1 |
          Lair |   6260 |   6026 |    234 |    169 |   4987 |   5 | 1252.0 |
  Orcish Mines |   1882 |   1752 |    130 |      0 |   1404 |   2 |  941.0 |
        Bazaar |     79 |     79 |      0 |      0 |     75 |   1 |   79.0 |
      Gauntlet |   1063 |   1063 |      0 |      0 |    787 |   1 | 1063.0 |
               +--------+--------+--------+--------+--------+-----+--------+

Top non-repeatable levels by time:
     D:8: 2259 daAuts
    D:14: 1819 daAuts
  Lair:5: 1775 daAuts
    D:10: 1423 daAuts
    D:11: 1359 daAuts
  Lair:2: 1353 daAuts
     D:5: 1345 daAuts
     D:7: 1272 daAuts
  Lair:1: 1230 daAuts
     D:6: 1144 daAuts
     D:9: 1117 daAuts
   Orc:2: 1064 daAuts
Gauntlet: 1063 daAuts
  Lair:3: 966 daAuts
  Lair:4: 933 daAuts
